 Dungeon Crawl Stone Soup version 0.30.1-1-g62c8e00024 (webtiles) character file.

Game seed: 10421049983966842973

105 boopmooplesden the Twirler (level 4, -5/27 HPs)
             Began as a Gargoyle Gladiator on July 16, 2023.
             Killed from afar by an orc wizard (9 damage)
             ... with a magic dart
             ... on level 3 of the Dungeon.
             The game lasted 00:02:35 (1934 turns).

boopmooplesden the Twirler (Gargoyle Gladiator)     Turns: 1934, Time: 00:02:36

Health: -5/27      AC:  9    Str: 20    XL:     4   Next: 81%
Magic:  4/4        EV: 11    Int:  8    God:
Gold:   288        SH:  0    Dex: 11    Spells: 3/3 levels left

rFire   . . .        a - +0 quarterstaff
rCold   . . .        (shield currently unavailable)
rNeg    + . .        k - +0 ring mail
rPois   ∞            c - +0 helmet
rElec   +            (no cloak)
rCorr   .            (no gloves)
SInv    .            (no boots)
Will    .....        (no amulet) Stlth
                     (no ring)
HPRegen 0.24/turn    (no ring)
MPRegen 0.09/turn

%: no passive effects
@: confused
A: sickness immunity, AC +3, negative energy resistance 1, electricity
resistance, torment resistance 1, petrification resistance
a: no special abilities


You were on level 3 of the Dungeon.
You visited 1 branch of the dungeon, and saw 3 of its levels.

You collected 288 gold pieces.

Inventory:

Hand Weapons
 a - a +0 quarterstaff (weapon)
Missiles
 d - a throwing net (quivered)
 e - 3 javelins
Armour
 b - a +0 leather armour
 c - a +0 helmet (worn)
 k - a +0 ring mail (worn)
Scrolls
 f - a scroll of identify
 g - a scroll of torment {unknown}
 j - 2 scrolls of silence
Potions
 h - a potion of degeneration {unknown}
 i - a potion of resistance
 l - a potion of flight {unknown}


   Skills:
 + Level 2.6 Fighting
 + Level 4.3 Staves
 + Level 2.1 Throwing
 + Level 1.1 Armour
 + Level 2.9 Dodging
 + Level 0.4 Stealth


You had 3 spell levels left.
You didn't know any spells.
Your spell library contained the following spells:

 Spells                   Type           Power      Damage    Failure   Level
 Sandblast                Erth           0%         2d4       58%         1
 Shock                    Conj/Air       0%         1d3       58%         1
 Passwall                 Tmut/Erth      0%         N/A       73%         2
 Stone Arrow              Conj/Erth      0%         3d7       91%         3
 Swiftness                Air            0%         N/A       91%         3
 Airstrike                Air            0%         2d(0-16)  100%        4


Dungeon Overview and Level Annotations

Branches:
Dungeon (3/15)

Altars:
Makhleb
Wu Jian


Innate Abilities, Weirdness & Mutations

You are immune to sickness and miasma.
Your stone body is resilient. (AC +3)
You are immune to poison.
You resist negative energy. (rN+)
You are resistant to electric shocks. (rElec)
You are resistant to unholy torment.
You are immune to petrification.


Message History

You hear some strange, mumbled words.
A puff of flame appears from out of thin air!
The puff of flame hits you.
* * * LOW HITPOINT WARNING * * *
You barely miss something. Something hits you but does no damage.
You miss something. Something hits you but does no damage.
You miss something. Something hits you but does no damage.
You barely miss something. Something hits you but does no damage.
You closely miss something. Something hits you but does no damage.
You sock something!
Reactivating autopickup.
You feel a bit more experienced. The orc wizard casts a spell at you.
You resist with some effort.
The orc wizard hits you with a +0 dagger.
Things that are here:
a +0 dagger; a +0 robe; 7 gold pieces You closely miss the orc wizard.
The orc wizard is severely wounded.
The orc wizard barely misses you.
You hit the orc wizard but do no damage.
The orc wizard is severely wounded.
The orc wizard gestures at you while chanting.
You are confused.
You bump into the rock wall.
The orc wizard gestures at you while chanting.
The puff of flame hits you.
* * * LOW HITPOINT WARNING * * *
You bump into the rock wall.
The orc wizard points at you and mumbles some strange words.
The magic dart hits you.
* * * LOW HITPOINT WARNING * * *
Non-targeted confused throw: 2 throwing nets
Press: ? - help, Q - select action, (/) - cycle Dir - look around, f - activate You throw a throwing net.
The throwing net misses the orc wizard.
The throwing net misses the orc.
The throwing net hits the goblin.
The goblin is caught in the net!
The orc wizard casts a spell at you. The magic dart hits you!
You die...

......#####.#########.#>#
.#.#..# #.#...........#
.#.#....# #.#.#######.###
.#.##.#.# #.#.# #.#
....#.#.# #.#.# #.#
...##.#.###.#.#######.#
...##+#...............#
........###.#.###########
.##.....# # #...@oog.....
.# .....# #############
## .....+ # ...# # .# #


You could see an orc wizard, an orc and a goblin (caught).

Vanquished Creatures
  Terence (D:2)
  An orc wizard (D:3)
  2 dart slugs
  3 bats
  8 endoplasms
  6 giant cockroaches
  3 goblins (D:1)
  6 hobgoblins
  3 jackals (D:3)
  3 quokkas
  4 ball pythons
  5 frilled lizards
  7 kobolds
  8 rats
60 creatures vanquished.

Notes
Turn   | Place    | Note
-------+----------+-------------------------------------------
     0 | D:1      | boopmooplesden the Gargoyle Gladiator began the quest for
                  | the Orb.
     0 | D:1      | Reached XP level 1. HP: 12/12 MP: 1/1
    46 | D:1      | Reached XP level 2. HP: 17/17 MP: 2/2
   370 | D:1      | Reached XP level 3. HP: 15/21 MP: 3/3
   761 | D:2      | Noticed Terence
   774 | D:2      | Killed Terence
   775 | D:2      | Reached skill level 4 in Staves
   775 | D:2      | Reached XP level 4. HP: 26/27 MP: 4/4
   967 | D:2      | Reached skill level 1 in Armour
  1478 | D:3      | Found an ornate altar of the Wu Jian Council.
  1483 | D:3      | Found a burning altar of Makhleb.
  1934 | D:3      | Killed from afar by an orc wizard

Illustrated notes

Levels and vault maps discovered:
D:1:      nzn_arrival_water_spiral, layout_rooms
D:2:      layout_loops_ring, uniq_terence
D:3:      layout_basic, jmf_multi_god_temple

Skill      XL: |  1  2  3  4 |
---------------+-------------+-----
Throwing       | 2 |  2.1
Staves         | 4 |  4.3
Armour         | 1 |  1.1
Fighting       | |  2.6
Dodging        | |  2.9
Stealth        | |  0.4

Action                     |  1- 3 |  4- 6 || total
---------------------------+-------+-------++-------
  Melee: Quarterstaff      |   103 |    94 ||   197
  Throw: Throwing net      |     1 |     1 ||     2
    Use: Scroll            |       |     5 ||     5
   Stab: Held in net/web   |     1 |       ||     1
 Armour: Leather armour    |    52 |     3 ||    55
         Ring mail         |       |    44 ||    44
  Dodge: Dodged            |    89 |    57 ||   146
